[Event "NY Presidents Day IM-B 2024"]
[Site "New York"]
[Date "2024.02.20"]
[Round "9.1"]
[White "Graif, William"]
[Black "Rajesh, C.S."]
[Result "1/2-1/2"]
[ECO "B02"]
[WhiteElo "2302"]
[BlackElo "2218"]
[Annotator "TA"]
[PlyCount "172"]
[EventDate "2024.02.14"]
[EventType "schev"]
[EventCountry "USA"]
[SourceTitle "playchess.com"]
[Source "ChessBase"]
[SourceQuality "1"]
[TimeControl "5400+30"]

1. e4 c5 2. Nf3 e6 3. c3 Nf6 4. e5 Nd5 5. d4 cxd4 6. cxd4 Be7 7. Nc3 d6 8. Nxd5 exd5 9. Bd3 Nc6 10. h3 {[%emt 0:02:20] B02: Aljechin-Verteidigung (Jagdvariante).} dxe5 11. dxe5 Bb4+ 12. Bd2 Bxd2+ $146 ({Predecessor:} 12... Qa5 13. O-O Bxd2 14. Nxd2 Be6 15. f4 Qb6+ 16. Rf2 O-O-O 17. Nf3 g6 18. a3 Kb8 {1-0 Faber,H (2077)-Merkon,O (1930) Hoogeveen op 23rd 2019 (2)}) 13. Qxd2 O-O 14. O-O f6 15. Rfe1 fxe5 16. Nxe5 Qf6 17. Nxc6 bxc6 18. Rac1 Bd7 19. Qc2 g6 20. Qc5 Rf7 21. Rc2 Qg5 22. Re3 Qh6 23. Rce2 Qf8 24. Qd4 Qg7 25. Qxg7+ Kxg7 26. Rc2 Re8 27. Ba6 Rxe3 28. fxe3 Re7 29. Rc3 Be8 30. Kf2 Kf6 31. b4 Ke5 32. Bd3 Kd6 33. Ra3 Rb7 34. Ra4 Kc7 35. Ba6 c5 36. Bxb7 $2 (36. Ra5 $15 Rxb4 37. Rxc5+ Kb6 38. Rc8) 36... Bxa4 $19 37. Bxd5 cxb4 38. Kf3 Bc6 $2 ({Besser ist} 38... Kd6 $19 39. Bg8 Bc6+ 40. Kf4 Bd5 (40... Bxg2 41. Bxh7 Bxh3 42. Bxg6 $19) 41. Bxh7 Bxa2 42. Bxg6 a5) 39. Ke4 $11 a5 (39... Kd6 $11 40. Bxc6 Kxc6) 40. Bxc6 $4 (40. Kd4 $16 Be8 41. e4) 40... Kxc6 $19 41. Kd4 Kb5 42. e4 {[%emt 0:01:01] [#]} a4 $1 43. e5 Kc6 44. Kc4 b3 $1 45. axb3 axb3 46. Kxb3 Kd5 47. Kc3 Kxe5 48. Kd3 Kf4 49. Ke2 Kg3 50. Kf1 g5 $2 (50... Kh2 {setzt Matt} 51. h4 Kg3 52. h5 g5 (52... gxh5 53. Kg1 $11) 53. Kg1 h6 54. Kh1 Kh4 55. Kh2 Kg4 56. Kh1 Kxh5 57. Kh2 Kg4 58. Kg1 Kg3 59. Kh1 g4 60. Kg1 h5 61. Kh1 h4 62. Kg1 h3 63. gxh3 Kxh3 64. Kf2 g3+ 65. Kf1 Kh2 66. Ke2 g2 67. Kd3 g1=Q (67... g1=B 68. Ke4 $11) 68. Kc4 Qg5 69. Kc3 Qc5+ 70. Kb3 Kg3 71. Ka4 Kf3 72. Kb3 Ke4 73. Ka4 Kd3 74. Kb3 Qb5+ 75. Ka3 Kc3 76. Ka2 Qb2#) 51. Kg1 $11 h6 52. Kh1 Kf2 53. Kh2 h5 54. Kh1 Kf1 (54... h4 $5) 55. Kh2 $1 Ke2 56. Kg3 Ke3 57. Kh2 $1 Kf4 58. Kh1 Kg3 59. Kg1 h4 60. Kh1 Kf2 61. Kh2 Kf1 62. Kh1 Kf2 63. Kh2 Ke3 64. Kh1 Ke2 (64... Kf2 $5) 65. Kh2 Kf2 66. Kh1 Kg3 (66... Kf1 $5) 67. Kg1 Kf4 68. Kf2 Ke4 69. g3 Kf5 70. gxh4 g4 71. Kg3 gxh3 72. Kxh3 Kg6 73. Kg4 Kh6 74. h5 Kg7 75. Kg5 Kh7 76. Kf5 Kh6 77. Kg4 Kh7 78. Kg5 Kg7 79. h6+ Kh7 80. Kh5 Kh8 81. Kg6 Kg8 82. Kf6 Kh7 83. Kg5 Kh8 84. Kg6 Kg8 85. h7+ Kh8 86. Kf6 Kxh7 1/2-1/2

[Event "NY Presidents Day IM-B 2024"]
[Site "New York"]
[Date "2024.02.20"]
[Round "9.2"]
[White "Tanenbaum, Zachary"]
[Black "Sun, Ryan"]
[Result "1-0"]
[ECO "C50"]
[WhiteElo "2272"]
[BlackElo "2217"]
[Annotator "TA"]
[PlyCount "107"]
[EventDate "2024.02.14"]
[EventType "schev"]
[EventCountry "USA"]
[SourceTitle "playchess.com"]
[Source "ChessBase"]
[SourceQuality "1"]
[TimeControl "5400+30"]

1. e4 e5 2. Nf3 Nc6 3. Bc4 Bc5 4. d3 Nf6 5. Nc3 h6 6. O-O d6 7. Na4 Bb6 8. a3 O-O 9. h3 Be6 {[%emt 0:02:43] Die Stellung ist ausgeglichen.} 10. Bxe6 fxe6 11. c3 Qe8 12. Nh2 Nh5 13. Nxb6 (13. b4 {scheint wilder zu sein.} Qg6 14. Nf3 Rf6 15. Nxb6 axb6 16. a4) 13... axb6 14. g3 (14. Re1 {hält die Spannung aufrecht.} Qg6 15. Nf3 Ne7 16. Kh2) 14... Rd8 15. Ng4 Kh8 16. a4 Qg6 17. Kh2 (17. Kg2 {wäre vielleicht verwirrender.} Rf7 18. b4 Ra8 19. Bd2) 17... Rd7 18. Qe2 Rdf7 19. Bd2 Nf6 20. Kg2 Nh7 21. Nh2 Rf6 22. b4 Ng5 (22... Ra8 $14) 23. Qg4 $16 Qf7 24. Bxg5 hxg5 (24... Rxf2+ 25. Kh1 hxg5 26. Rxf2 Qxf2 27. Rf1 (27. Qxe6 Qe2 $15) (27. Qxg5 Kg8 $11) 27... Qxf1+ 28. Nxf1 Rxf1+ 29. Kh2 (29. Kg2 Ra1 $18) 29... Rf2+ 30. Kg1 $18) 25. Ra2 (25. Qxg5 Rxf2+ 26. Kg1 Rf6 $14) 25... Qg6 26. Qe2 R6f7 27. Ng4 Kg8 28. b5 Nb8 29. a5 bxa5 30. Rxa5 Nd7 31. Ra7 Nc5 32. f3 Rb8 33. d4 Nd7 34. dxe5 (34. Qc4 $16 Nb6 35. Qb3) 34... Nxe5 $14 35. Nxe5 dxe5 36. Rd1 Qh5 (36... Qf6 $11) 37. g4 ({Besser ist} 37. c4 $16) 37... Qh6 $11 38. Rd3 Kh7 39. Qa2 Rff8 40. Qc4 Rf7 41. Qc5 Qf6 42. c4 Rd8 43. Qe3 Rb8 44. c5 Qh6 45. Qd2 Rff8 46. Raa3 (46. Rd7 Rxf3 47. Kxf3 Qxh3+ 48. Ke2 Rf8) 46... Kg6 47. Ra1 Kf6 {[%emt 0:01:30] [#]} (47... Rh8 $11 48. Rh1 Qh4) 48. h4 gxh4 49. Qxh6+ gxh6 {[%emt 0:00:09] KRR-KRR} 50. Rd7 h5 51. gxh5 $16 {[%emt 0:00:55][%cal Og2h3] Droht Kh3! und aus. Weiß steht deutlich aktiver.} ({Bitte nicht} 51. Rxc7 $6 hxg4 52. fxg4 Kg5 $11) 51... Kg5 52. Rxc7 {[%emt 0:00:39] Und Ra7 würde nun gewinnen.} Kf4 $2 (52... Rfc8 $16 53. Re7 Rxc5) 53. Rg7 $18 {[%emt 0:00:22] [#] Droht Matt per Kf2.} Rbc8 54. Kf2 {[%emt 0:00:10] Gewichteter Fehlerwert: Weiß=0.11 (sehr präzise) /Schwarz=0.41.  Verlustzug:     	---       	Schwarz=1     Fehler:       	Weiß=3     	Schwarz=4     Ungenau:       	---       	Schwarz=5     OK:         	Weiß=15    	Schwarz=9     Bester:       	Weiß=2     	Schwarz=2} 1-0

[Event "NY Presidents Day IM-B 2024"]
[Site "New York"]
[Date "2024.02.20"]
[Round "9.3"]
[White "Pang, Qi"]
[Black "Lee, Megan"]
[Result "1/2-1/2"]
[ECO "D02"]
[WhiteElo "2148"]
[BlackElo "2267"]
[Annotator "TA"]
[PlyCount "131"]
[EventDate "2024.02.14"]
[EventType "schev"]
[EventCountry "USA"]
[SourceTitle "playchess.com"]
[Source "ChessBase"]
[SourceQuality "1"]
[TimeControl "5400+30"]

1. Nf3 d5 2. d4 Nf6 3. g3 c6 4. Bg2 Bf5 5. O-O e6 6. Nbd2 Be7 7. c4 h6 8. b3 Ne4 9. Bb2 Nd7 10. e3 O-O 11. Qe2 a5 12. Rfd1 a4 {[%emt 0:00:12] [#] Strongly threatening ...a3.} 13. Nxe4 Bxe4 14. Bf1 axb3 15. axb3 Qb6 16. Nd2 Bg6 17. Bc3 Bf6 18. f4 Qc7 19. c5 Rfb8 {[%emt 0:05:29] next ...Nxc5 is good for Black.} 20. b4 b6 {[%emt 0:10:22] ...bxc5 is the strong threat.} 21. Nb3 bxc5 22. Nxc5 Nxc5 23. bxc5 Qb7 24. Qd2 Qb3 25. Rdc1 Bd8 26. Be2 Kf8 27. Bd1 Qb5 28. Be2 Qb7 29. Kf2 Ke8 30. Rxa8 Rxa8 31. Ra1 Rxa1 32. Bxa1 Qb1 33. Qd1 Qa2 (33... Qxd1 {simplifies} 34. Bxd1 Ba5 35. Be2 Ke7) 34. Bc3 Bh5 35. Bd2 Bxe2 36. Qxe2 $11 {[%emt 0:00:00][%mdl 4096] Endgame. KQB-KQB} Kd7 37. Kf3 Qb1 38. Be1 Qa1 (38... g5 $15 {should be considered.} 39. fxg5 hxg5) 39. Kf2 {[%emt 0:00:00] The position is equal.} Kc8 40. Qh5 Qa2+ 41. Kf1 Qc4+ 42. Kf2 Qc2+ 43. Kf1 Qc4+ 44. Kf2 Qa2+ 45. Kf1 Qa7 46. Bd2 Qa6+ 47. Kf2 Qa2 48. Ke1 Qa7 49. Kf2 Qe7 50. Be1 Kb7 51. Kf1 Ka8 52. g4 Qf6 53. Bg3 Ka7 54. f5 g6 55. Qxh6 exf5 56. Be5 Qg5 57. Qf8 fxg4 58. Qxf7+ Ka6 59. Bf4 Qf5 60. Qxf5 gxf5 {KB-KB} 61. Kg2 Kb5 62. h3 gxh3+ 63. Kxh3 Kc4 {[%emt 0:00:18] [#] Threatens to win with ...Kd3.} 64. Kg3 Kd3 {[%emt 0:00:18] ...Ke2 would now be deadly.} 65. Kf3 Ba5 66. Bg5 {[%emt 0:00:00] An uneventful encounter.   Weighted Error Value: White=0.04 (flawless) /Black=0.04 (flawless) .  Mistake:       	---       	Black=1      Inaccurate:     	White=2     	---        OK:         	White=20    	Black=14     Best:        	White=1     	Black=4} 1/2-1/2

[Event "NY Presidents Day IM-B 2024"]
[Site "New York"]
[Date "2024.02.20"]
[Round "9.4"]
[White "Jimenez Fraga, Pedro Alejandro"]
[Black "Poliannikov, Danila"]
[Result "0-1"]
[ECO "A04"]
[WhiteElo "2447"]
[BlackElo "2282"]
[Annotator "TA"]
[PlyCount "106"]
[EventDate "2024.02.14"]
[EventType "schev"]
[EventCountry "USA"]
[SourceTitle "playchess.com"]
[Source "ChessBase"]
[SourceQuality "1"]
[TimeControl "5400+30"]

1. Nf3 Nf6 2. g3 c5 3. Bg2 Nc6 4. O-O e5 5. e4 Be7 6. Re1 {[%emt 0:01:43] A04: Unusual lines after 1 Nf3 and King's Indian Attack.} O-O 7. c3 d6 8. h3 h6 9. d4 Qc7 (9... exd4 $11 10. cxd4 d5) 10. Na3 (10. d5 $14) 10... a6 ({Black should play} 10... exd4 $1 $11 11. cxd4 d5) 11. Nc4 $146 (11. d5 $14) ({Predecessor:} 11. Nc2 Re8 12. Ne3 exd4 13. cxd4 Bf8 14. d5 Nd8 15. Nd2 g6 16. a4 Bg7 17. a5 {1-0 Radlovacki,J (2292)-Avdic,M (2094) Brcko Velemajstor CC 1st 2023 (3)}) 11... cxd4 $15 12. cxd4 Nxd4 13. Ne3 Nxf3+ (13... Nxe4 $2 14. Nxd4 Nf6 (14... exd4 $2 15. Nd5 $18) 15. Ndf5 $18) 14. Qxf3 Be6 15. Bd2 Rac8 16. Nf5 Bxf5 17. Qxf5 Qb6 18. Bc3 Rfd8 19. Rad1 Nd7 20. Bf1 Bf6 21. Rd5 Rc5 22. Rd3 Nf8 23. h4 Ne6 24. Qf3 Nc7 25. Red1 Nb5 26. Bh3 Nxc3 27. bxc3 Be7 28. R1d2 Qa5 29. Kh2 b5 30. Rc2 Rb8 31. Qf5 Rb7 32. Qh5 Bf8 33. Rf3 Qc7 34. Re2 (34. Re3 $17) 34... Rxc3 35. Rxc3 Qxc3 36. Kg2 b4 37. Re3 (37. Qf3 $17) 37... Qc4 38. Re2 (38. Qe2 $17 {was called for.} Qxe2 39. Rxe2) 38... a5 39. Qf3 $2 (39. Rd2) 39... a4 40. Qe3 b3 41. axb3 axb3 42. Rb2 d5 43. exd5 Qxd5+ 44. Kh2 Bc5 45. Qc3 Bd4 46. Qc8+ Kh7 47. Bg2 $2 (47. Qg4 Bxb2 48. Bg2) 47... e4 $19 48. Rd2 Rb6 49. Qe8 f5 50. Bh3 b2 51. h5 b1=Q (51... b1=B $2 52. Rxd4 Qg8 53. Bxf5+ Kh8 54. Rd8 $18) 52. Rxd4 Qbb5 (52... Qxd4 53. Bxf5+ g6 54. hxg6+ Kg7 55. Qf7+ Kh8 56. Qh7#) 53. Qf8 Qbc5 (53... Qdc5 $142 54. Qxc5 Qxc5 55. Rd2 f4 56. gxf4 Rf6 (56... Qxh5 {gets mated.} 57. f3 Qxf3 58. Bf5+ Kg8 59. Rd8+ Kf7 60. Rd2 Qxf4+ 61. Kh3 Rb3+ 62. Rd3 Rxd3+ 63. Kg2 Rg3+ 64. Kh2 Qh4+ 65. Bh3 Qxh3#) 57. f5 Qc7+ 58. Kg2 Qf4 59. Rd4 Ra6 60. Rd1 Qf3+ 61. Kg1 Ra2 (61... Qxd1+ {is a self mate.} 62. Bf1 Ra2 63. f6 Qf3 64. Be2 Rxe2 65. Kh2 Rxf2+ 66. Kg1 Qg2#) 62. Rf1 Qxh3 63. Re1 e3 (63... Qxf5 64. Re2 Rxe2 65. Kh2 Qxf2+ 66. Kh3 Qf3+ 67. Kh4 Rh2#) 64. Rf1 exf2+ (64... Qxh5 {leads to mate.} 65. Kg2 Qg4+ 66. Kh2 exf2 67. Rxf2 Rxf2+ 68. Kh1 Qg2#) 65. Rxf2 Ra1+ 66. Rf1 Rxf1#) 0-1

[Event "NY Presidents Day IM-B 2024"]
[Site "New York"]
[Date "2024.02.20"]
[Round "9.5"]
[White "Bortnyk, Mykola"]
[Black "Wongso, Steve"]
[Result "1/2-1/2"]
[ECO "E63"]
[WhiteElo "2421"]
[BlackElo "2229"]
[Annotator "TA"]
[PlyCount "95"]
[EventDate "2024.02.14"]
[EventType "schev"]
[EventCountry "USA"]
[SourceTitle "playchess.com"]
[Source "ChessBase"]
[SourceQuality "1"]
[TimeControl "5400+30"]

1. d4 Nf6 2. Nf3 g6 3. c4 Bg7 4. g3 O-O 5. Bg2 d6 6. O-O Nc6 7. Nc3 a6 8. b3 Rb8 9. a4 Na5 10. Qc2 c5 11. dxc5 Bf5 $1 12. Qa2 {[%emt 0:10:27] Threatens to win with cxd6.} ({Don't play} 12. e4 Nxe4 13. Nxe4 Bxa1 14. cxd6 Bg7 $17 (14... exd6 15. Bg5 $11)) 12... dxc5 13. Nh4 Ng4 14. Nxf5 Bxc3 15. Nh6+ Nxh6 16. Bxh6 {[%emt 0:00:03] A strong pair of Bishops.} Bxa1 17. Qxa1 (17. Bxf8 {simplifies} Qxf8 18. Qxa1 Qd8 19. Qc3) 17... Qd4 18. Qxd4 cxd4 19. Bxf8 Kxf8 $11 {[%emt 0:00:04][%mdl 4096] Endgame. KRB-KRN} 20. Rb1 b5 21. axb5 axb5 22. cxb5 Rxb5 23. b4 f5 24. h4 h5 25. e4 e6 26. exf5 exf5 27. Bf1 Rb6 28. f4 Nb7 $1 29. b5 Ke7 30. Rb4 Rd6 31. Rc4 Kd7 {[%emt 0:02:17] [#] Inhibits Rc7+.} (31... Rd7 $1 $11 {remains equal.}) 32. Kf2 $1 $16 d3 {[%emt 0:16:22] [#] aiming for ...d2.} 33. Ke1 Rd5 $2 (33... Rb6 $16) 34. b6 $2 ({White must play} 34. Bg2 $18 Rc5 (34... d2+ $2 35. Kd1 $18) 35. Bc6+ Ke7 (35... Kc7 $2 36. Rxc5 Nxc5 37. Kd2 $18) 36. Rxc5 Nxc5 37. Kd2) 34... Nd6 $11 {[%emt 0:00:03] The position is equal.} 35. Rc7+ Ke6 36. Bg2 (36. b7 $5 Rb5 $8 37. Bxd3 Rxb7 38. Bc4+ Kf6 39. Rxb7 Nxb7 40. Ke2 $11) 36... Ne4 37. Rc6+ Kd7 38. Bxe4 fxe4 {[%emt 0:00:04] KR-KR} 39. Rc3 Rb5 40. Rc4 Rxb6 $2 (40... Rb1+ $11 41. Kf2 Rb2+ (41... Rxb6 42. Rxe4 Rd6 43. Ke1 $11) 42. Ke1 Rxb6 43. Rxe4 Re6 44. Rxe6 Kxe6) 41. Rxe4 $19 Re6 42. Rxe6 Kxe6 $11 {[%emt 0:00:04] K3P-K3P} 43. Kd2 Kf5 44. Kxd3 Kg4 45. Ke4 Kxg3 46. f5 gxf5+ 47. Kxf5 {[%emt 0:00:04] Intending Kg5 and mate.} Kxh4 {[%emt 0:00:06] ( -> ...Kg3)} 48. Kf4 {[%emt 0:00:02][%mdl 32768] Black used his chance.   Weighted Error Value: White=0.19 (very precise) /Black=0.25 (precise) .  Loses game:     	White=1     	Black=1      Missed win:     	White=1     	---        Mistake:       	---       	Black=2      Inaccurate:     	White=1     	Black=1      OK:         	White=14    	Black=18     Best:        	White=6     	Black=2      Strong:       	White=1     	Black=2     . An unexpected result.} 1/2-1/2

[Event "NY Presidents Day IM-B 2024"]
[Site "New York"]
[Date "2024.02.20"]
[Round "9.6"]
[White "Lima, Darcy"]
[Black "Xu, Grant"]
[Result "1-0"]
[ECO "A70"]
[WhiteElo "2370"]
[BlackElo "2313"]
[Annotator "TA"]
[PlyCount "155"]
[EventDate "2024.02.14"]
[EventType "schev"]
[EventCountry "USA"]
[SourceTitle "playchess.com"]
[Source "ChessBase"]
[SourceQuality "1"]
[TimeControl "5400+30"]

1. d4 g6 2. c4 Bg7 3. e4 c5 4. d5 d6 5. Bd3 Nf6 6. Nc3 O-O 7. h3 e6 8. Nf3 exd5 9. cxd5 Re8 10. O-O Na6 11. Re1 Nc7 12. Bf4 {[%emt 0:01:44] A70: Benoni (Hauptsystem).} b5 13. a3 Rb8 14. b4 $146 ({Predecessor:} 14. Qd2 a5 15. e5 dxe5 16. Nxe5 Bd7 17. Nxd7 Rxe1+ 18. Rxe1 Qxd7 19. Bxb5 Rxb5 20. Bxc7 {½-½ Nazin,R-Anikeenko,A RUS-ch U16 Kaluga 1996}) 14... Nh5 15. Bg5 Bf6 16. Bd2 c4 17. Bf1 a5 18. Qc2 g5 19. g3 h6 20. Rad1 Bd7 21. Ne2 Qc8 22. Kh2 Rxe4 23. Nxg5 hxg5 24. Qxe4 Bf5 25. Qg2 g4 26. hxg4 Bxg4 27. f3 Bd7 28. Bc3 ({Viel schwächer ist} 28. bxa5 Nxd5 29. f4 Qc5) 28... axb4 29. axb4 Qf8 30. Bxf6 Nxf6 31. Nc3 Qh6+ 32. Kg1 Ra8 33. Qf2 Qg5 34. Bg2 (34. Rd2 {wäre vielleicht verwirrender.} Ra3 35. Qd4 Nfe8 36. g4) 34... Ra3 35. Qd4 $1 Rxc3 ({Günstiger ist} 35... Nfe8) 36. Qxc3 $16 Ncxd5 (36... Nfxd5 $16 37. f4 Nxc3 38. fxg5 Nxd1 39. Rxd1 d5 40. Bxd5 Bf5) 37. Qd4 $2 ({Weiss kommt nicht vorbei an} 37. f4 $1 $18 Nxc3 38. fxg5 Nxd1 39. Rxd1 (39. gxf6 Nc3 $16)) 37... Qxg3 $11 38. Qf2 Qxf2+ (38... Qg5 $11) 39. Kxf2 $16 Nxb4 (39... Be6 $142) 40. Rxd6 $16 Nd3+ 41. Rxd3 $1 cxd3 {[%emt 0:00:02] [#]} 42. Rd1 (42. Bf1 $142 $1) 42... Be6 ({Vorzuziehen ist} 42... Kf8) 43. Rxd3 $16 b4 44. Rd4 b3 45. Rb4 Nd7 46. Bf1 Ne5 47. Bb5 Kg7 48. f4 Ng6 49. Ba4 Kf6 50. Kg3 ({Lieber nicht} 50. Bxb3 Bxb3 51. Rxb3 Nxf4 $11) 50... Ne7 51. Bxb3 Nc6 {[%emt 0:01:35] [#]} 52. Rb6 $1 Nd4 53. Bd1 Nf5+ 54. Kf2 Ke7 55. Rb7+ Kf6 56. Rb6 Ke7 $1 57. Bf3 Nd6 58. Ra6 Nf5 59. Be4 Nd6 60. Bd3 Nf5 61. Kf3 Nd6 (61... Kf6 {war einen Versuch wert.} 62. Ra5 Nd4+ 63. Ke3 Nf5+ 64. Kf2 Ne7) 62. Kg3 $18 Nf5+ $2 (62... f6 {ist zäher.} 63. Ra5 Bd7) 63. Kg4 $18 Ne3+ 64. Kg5 Nd5 65. f5 f6+ 66. Kh6 Bc8 67. Ra8 Bd7 68. Kg7 Nf4 69. Bc2 Nh5+ 70. Kh6 Nf4 71. Ra1 Nd5 72. Kg7 Kd6 73. Re1 Bc8 74. Be4 Nc7 75. Kxf6 Ne8+ 76. Kg5 Bd7 77. Bc2 Nc7 78. Bb3 1-0